 Dungeon Crawl Stone Soup version 0.26-a0-394-g0b5ff556b1 (webtiles) character file.

Game seed: 17917050087489091926

155 BeastOfSaturn the Slasher (level 5, -4/41 HPs)
             Began as a Demonspawn Warper on July 23, 2020.
             Slain by a gnoll
             ... wielding a +0 spear
              (10 damage)
             ... on level 3 of the Dungeon.
             The game lasted 00:10:24 (4612 turns).

BeastOfSaturn the Slasher (Demonspawn Warper)       Turns: 4612, Time: 00:10:25

Health: -4/41      AC:  5    Str: 12    XL:     5   Next: 14%
Magic:  8/8        EV: 11    Int: 15    God:
Gold:   73         SH:  5    Dex: 12    Spells: 6/8 levels left

rFire    . . .     SeeInvis .   a - +0 falchion
rCold    + . .     Faith    .   h - +2 buckler {rPois}
rNeg     . . .     Spirit   .   b - +0 leather armour
rPois    +         Reflect  .   (no helmet)
rElec    .         Harm     .   (no cloak)
rCorr    .                      (no gloves)
MR       .....                  (no boots)
Stlth    +.........             (no amulet)
HPRegen  0.13/turn              (no ring)
MPRegen  0.11/turn              (no ring)

@: no status effects
A: icy blue scales 1, cold resistance 1, demonic guardian 1
a: no special abilities


You were on level 3 of the Dungeon.
You visited 1 branch of the dungeon, and saw 4 of its levels.

You collected 73 gold pieces.

Inventory:

Hand Weapons
 a - a +0 falchion (weapon)
 q - a +0 whip
Missiles
 e - 5 boomerangs of dispersal (quivered)
 f - 2 boomerangs
Armour
 b - a +0 leather armour (worn)
 h - a +2 buckler of poison resistance (worn)
Scrolls
 d - a scroll of blinking
 g - 2 scrolls of identify
 i - a scroll of immolation {unknown}
 k - a scroll of remove curse
 p - a scroll of teleportation {unknown}
Potions
 c - a potion of heal wounds {unknown}
 m - a potion of berserk rage {unknown}


   Skills:
 * Level 3.1 Fighting
 * Level 3.5 Long Blades
 - Level 0.8 Throwing
 - Level 1.0 Armour
 - Level 2.0 Dodging
 * Level 1.3 Shields
 - Level 2.0 Spellcasting
 * Level 3.1 Translocations


You had 6 spell levels left.
You knew the following spells:

 Your Spells              Type           Power        Failure   Level
a - Blink                 Tloc           N/A          17%         2

Your spell library contained the following spells:

 Spells                   Type           Power        Failure   Level
 Gell's Gravitas          Tloc           ##........   32%         3
 Lesser Beckoning         Tloc           ##........   32%         3
 Teleport Other           Tloc           ##......     32%         3
 Passage of Golubria      Tloc           N/A          73%         4


Dungeon Overview and Level Annotations

Branches:
Dungeon (4/15)
 Temple: D:4-7

Altars:


Innate Abilities, Weirdness & Mutations

You are partially covered in icy blue scales. (AC +2)
Your flesh is cold resistant. (rC+)
A weak demonic guardian rushes to your aid.


Message History

The orc priest calls down the wrath of Beogh upon you.
Pain shoots through your body!
* * * LOW HITPOINT WARNING * * *
Something barely misses your shadow imp.
Your shadow imp barely misses the orc priest.
Your quasit bites the orc priest but does no damage.
Your quasit claws the orc priest.
Your quasit barely misses the orc priest.
Something hits your shadow imp.
The gnoll shouts!
Something hits your shadow imp but does no damage.
The orc priest mumbles some strange prayers to Beogh against you.
Pain shoots through your body!
* * * LOW HITPOINT WARNING * * *
Your quasit bites the orc priest.
Your quasit claws the orc priest. x2
The gnoll hits you but does no damage. The gnoll barely misses your quasit.
You hit the gnoll.
The gnoll is moderately wounded.
The gnoll barely misses you. The gnoll hits you with a +0 spear!
You die...

#. #.#g#$#.####......#
.#.##.#.#.#....#.#.####
........>...##.#.#.#
.#.............#.#.#####
.....).........#.#g#.gg#
.#.#####.#.###.#.#.#.#.#
...< #.....#.#.#.#.#<#g#
##..##.#...#...#g#.###.#
#...#.#...#.###@#.....#
#......go5....#######
#.###).##........#
#..<#..#########.#
#..b.5....... # #
#.).#.####### ##.#..##.#
.........# #
#......#.#.#


You could see an orc priest, 2 gnolls and a friendly quasit (summoned).

Vanquished Creatures
  An orc priest (D:2)
  An orc wizard (D:2)
  A gnoll (D:3)
  3 adders
  An adder skeleton (D:4)
  A worm (D:2)
  A dart slug (D:1)
  A leopard gecko (D:2)
  2 orcs (D:2)
  5 bats (D:2)
  4 giant cockroaches
  2 goblins
  7 hobgoblins
  4 jackals
  3 kobolds
  A quokka (D:2)
  6 frilled lizards
  A quokka skeleton (D:4)
  10 rats
55 creatures vanquished.

Vanquished Creatures (collateral kills)
  An orc (D:3)
1 creature vanquished.

Grand Total: 56 creatures vanquished

Notes
Turn   | Place    | Note
-------+----------+-------------------------------------------
     0 | D:1      | BeastOfSaturn the Demonspawn Warper began the quest for the
                  | Orb.
     0 | D:1      | Reached XP level 1. HP: 16/16 MP: 3/3
   104 | D:1      | Reached skill level 1 in Armour
   236 | D:1      | Gained mutation: Your flesh is cold resistant. (rC+)
                  | [demonic ancestry]
   236 | D:1      | Reached XP level 2. HP: 21/22 MP: 5/5
   266 | D:1      | Learned a level 2 spell: Blink
  1443 | D:2      | Reached XP level 3. HP: 17/28 MP: 6/6
  2795 | D:3      | Gained mutation: You are partially covered in icy blue
                  | scales. (AC +2) [demonic ancestry]
  2795 | D:3      | Reached XP level 4. HP: 24/34 MP: 7/7
  2934 | D:3      | Found a faded altar of an unknown god.
  3063 | D:4      | Noticed an ogre
  3942 | D:2      | Reached skill level 1 in Shields
  4268 | D:2      | Gained mutation: A weak demonic guardian rushes to your
                  | aid. [demonic ancestry]
  4268 | D:2      | Reached XP level 5. HP: 17/41 MP: 8/8
  4612 | D:3      | Slain by a gnoll

Illustrated notes

Levels and vault maps discovered:
D:1:      minmay_arrival_shattered_statue, layout_basic
D:2:      layout_rooms, serial_co_window_serial, co_window_paths_b,
          co_window_corner_a, co_window_of_opportunity_a, co_window_paths_a,
          co_window_corner_a, co_window_corner_a, co_window_paths_b,
          co_window_of_opportunity_b, co_window_corner_b, co_window_corner_ca,
          co_window_corner_cb, glass_columns_a, glass_columns_c,
          columned_hall_lemuel, minmay_quantized
D:3:      layout_basic, nicolae_ashenzari_panopticon, minitemple,
          chequers_ecumenical_altar_simple, st_stairs_4,
          nicolae_gozag_seed_capital, uniq_natasha
D:4:      layout_rooms, lemuel_crystal_altar, uniq_robin

Skill      XL: |  1  2  3  4 |
---------------+-------------+-----
Armour         | 1 |  1.0
Long Blades    | 2 3 |  3.5
Dodging        | 2 |  2.0
Translocations | 3 |  3.1
Shields        | 1 |  1.3
Fighting       | 3 |  3.1
Throwing       | |  0.8
Spellcasting   | |  2.0

Action                   |  1- 3 |  4- 6 || total
-------------------------+-------+-------++-------
Melee: Falchion          |   171 |    86 ||   257
 Cast: Blink             |       |     1 ||     1
  Use: Scroll            |     6 |       ||     6
       Potion            |       |     2 ||     2
 Stab: Sleeping          |     1 |       ||     1
Armor: Leather armour    |    53 |    33 ||    86
Dodge: Dodged            |   123 |    35 ||   158
Block: Buckler           |    39 |    23 ||    62
       Rpst.: Falchion   |    43 |     7 ||    50

Table legend: (Time is in decaauts)
 A = Elapsed time spent in this place.
 B = Non-inter-level travel time spent in this place.
 C = Inter-level travel time spent in this place.
 D = Time resting spent in this place.
 E = Time spent auto-exploring this place.
 F = Levels seen in this place.
 G = Mean time per level.
                   A        B        C        D        E       F      G
               +--------+--------+--------+--------+--------+-----+--------+
         Total |   4663 |   4577 |     86 |   2035 |   1799 |   4 | 1165.8 |
       Dungeon |   4663 |   4577 |     86 |   2035 |   1799 |   4 | 1165.8 |
               +--------+--------+--------+--------+--------+-----+--------+

Top non-repeatable levels by time:
     D:2: 3199 daAuts
     D:1: 1029 daAuts
     D:3: 390 daAuts
     D:4: 44 daAuts
